Map: 백워터 - 래더

Players

Zest

  • Race: Protoss Protoss
  • Spawn Location: 11:00

Rogue - Winner!

  • Race: Zerg Zerg
  • Spawn Location: 5:00

Event: IEM Season 12 - Katowice

VOD

Have the link to the VOD?

Description

Time

  • Played on: March 2, 2018, 7:53 a.m.
  • Length: 13:16

All games in this series

Show
View Real Time Build Order
Export as new Build Order

Zest Protoss 

Build Orders: 1 Gate Expand, Zealot Archon 

Get SALT Encoding   

  12  0:00  Probe  
  13  0:12  Probe  
  14  0:17  Pylon  
  14  0:24  Probe (Chrono Boost)  
  15  0:37  Probe (Chrono Boost)  
  15  0:39  Gateway  
  16  0:45  Probe (Chrono Boost)  
  16  0:47  Assimilator  
  17  0:51  Probe  
  18  1:03  Probe  
  19  1:15  Probe  
  20  1:23  Nexus  
  20  1:33  Cybernetics Core  
  20  1:37  Probe  
  21  1:43  Assimilator  
  21  1:49  Probe  
  21  1:51  Pylon  
  22  2:01  Probe  
  23  2:08  Adept (Chrono Boost)  
  23  2:10  Warp Gate (Chrono Boost)  
  23  2:13  Probe (Chrono Boost)  
  26  2:25  Probe (Chrono Boost)  
  26  2:26  Stalker  
  29  2:32  Probe (Chrono Boost)  
  29  2:35  Probe (Chrono Boost)  
  33  2:45  Probe x2 (Chrono Boost)  
  33  2:50  Probe (Chrono Boost)  
  33  2:52  Probe  
  33  2:56  Adept  
  37  3:02  Probe  
  38  3:06  Probe, Gateway  
  38  3:07  Gateway  
  39  3:14  Probe  
  39  3:19  Shield Battery  
  40  3:21  Probe  
  40  3:26  Probe  
  42  3:30  Stargate  
  42  3:32  Stargate  
  42  3:33  Probe, Pylon  
  43  3:34  Adept  
  43  3:39  Pylon  
  43  3:41  Probe  
  46  3:45  Assimilator  
  46  3:49  Assimilator  
  46  3:51  Probe  
  46  3:53  Probe  
  48  4:03  Probe  
  48  4:05  Probe  
  48  4:08  Adept x2  
  48  4:09  Adept  
  56  4:18  Phoenix x2 (Chrono Boost)  
  56  4:22  Probe x2  
  62  4:24  Pylon  
  62  4:42  Probe, Phoenix x2  
  67  4:52  Nexus  
  67  5:03  Robotics Facility, Forge  
  67  5:12  Pylon  
  67  5:13  Phoenix  
  69  5:17  Pylon  
  69  5:20  Pylon  
  69  5:22  Probe  
  70  5:30  Probe  
  70  5:34  Probe  
  74  5:42  Protoss Ground Weapons Level 1  
  72  5:43  Probe (Chrono Boost)  
  72  5:47  Probe (Chrono Boost)  
  74  5:51  Twilight Council, Immortal (Chrono Boost)  
  74  5:55  Probe (Chrono Boost)  
  74  5:56  Sentry x2  
  74  5:57  Probe (Chrono Boost), Sentry  
  86  6:00  Pylon  
  86  6:01  Probe (Chrono Boost), Pylon  
  89  6:04  Probe (Chrono Boost)  
  89  6:05  Probe (Chrono Boost)  
  90  6:13  Probe (Chrono Boost)  
  90  6:14  Probe (Chrono Boost)  
  90  6:16  Probe (Chrono Boost)  
  92  6:18  Probe (Chrono Boost)  
  92  6:21  Probe, Immortal (Chrono Boost)  
  98  6:28  Charge  
  98  6:30  Templar Archives  
  98  6:31  Gateway  
  98  6:33  Gateway  
  98  6:34  Gateway  
  98  6:35  Gateway  
  98  6:47  Gateway  
  98  6:50  Gateway  
  98  6:53  Sentry x3  
  92  6:57  Warp Prism (Chrono Boost)  
  92  7:03  Pylon  
  92  7:06  Pylon  
  92  7:12  Probe x3  
  92  7:15  Pylon x2  
  95  7:17  Pylon  
  95  7:18  Zealot, High Templar x2  
  95  7:19  Pylon  
  95  7:22  Archon  
  101  7:23  Assimilator  
  101  7:25  Cybernetics Core  
  101  7:27  Zealot x2  
  101  7:28  Assimilator  
  105  7:32  Pylon  
  105  7:37  Zealot  
  107  7:44  Protoss Ground Weapons Level 2 (Chrono Boost)  
  107  7:47  Zealot x2, High Templar x2  
  107  7:50  Probe x3  
  118  7:51  Zealot  
  118  7:52  Zealot, Warp Prism (Chrono Boost)  
  118  7:53  Archon  
  120  8:03  Pylon  
  120  8:16  Observer  
  120  8:19  Zealot x2  
  124  8:20  Zealot x7  
  133  8:40  Zealot x8  
  133  8:41  Zealot  
  139  8:44  Psionic Storm  
  103  9:03  Zealot x4  
  103  9:04  Zealot x5  
  96  9:26  Nexus  
  96  9:28  Immortal (Chrono Boost)  
  96  9:29  High Templar x5  
  96  9:30  High Templar x3  
  116  9:39  Pylon  
  116  9:41  Probe x3  
  119  9:48  Pylon, Robotics Facility  
  119  9:53  Probe x3  
  119  9:55  Photon Cannon  
  119  9:56  Protoss Ground Weapons Level 3  
  122  10:11  Immortal (Chrono Boost)  
  122  10:14  High Templar x2  
  122  10:19  Archon, Photon Cannon  
  124  10:22  Photon Cannon  
  124  10:24  Photon Cannon  
  124  10:27  Probe x2  
  126  10:28  Assimilator  
  126  10:31  Assimilator  
  126  10:36  Zealot, High Templar x2  
  126  10:37  Zealot  
  126  10:40  Archon  
  134  10:43  Shield Battery  
  134  10:45  Immortal (Chrono Boost), Shield Battery  
  134  10:46  Immortal (Chrono Boost)  
  134  10:49  Photon Cannon  
  142  10:50  Photon Cannon  
  142  10:51  Photon Cannon  
  142  11:08  Fleet Beacon  
  142  11:10  Photon Cannon  
  142  11:17  Zealot  
  142  11:22  Archon  
  142  11:24  Archon  
  132  11:29  Immortal x2 (Chrono Boost)  
  140  11:45  Stalker  
  140  11:46  Stalker  
  144  11:49  Archon  
  144  11:51  Zealot x6  
  130  11:55  Archon  
  130  12:00  Probe x3  
  130  12:01  Probe  
  117  12:13  Zealot x9  
  109  12:25  Probe x2  
  123  12:34  Zealot  
  123  12:35  Zealot x3  
  95  12:45  High Templar x3  
  95  12:46  High Templar  
  95  12:49  Archon  
  95  12:51  Archon  
  102  12:56  Zealot x3  
  102  12:57  Zealot  
Show
View Real Time Build Order
Export as new Build Order

Rogue Zerg - Winner!

Build Orders: Hatch First 

Get SALT Encoding   

  12  0:00  Drone  
  13  0:12  Overlord  
  13  0:16  Drone  
  14  0:30  Drone x2  
  16  0:47  Hatchery  
  15  0:51  Drone  
  15  0:54  Drone  
  17  0:57  Drone  
  18  1:08  Extractor  
  17  1:12  Spawning Pool  
  17  1:16  Drone  
  17  1:19  Drone  
  18  1:27  Drone  
  19  1:39  Drone  
  20  1:49  Overlord  
  20  2:02  Queen, Zergling x4  
  20  2:03  Queen  
  20  2:07  Metabolic Boost  
  26  2:11  Drone  
  26  2:14  Drone  
  28  2:22  Drone x2  
  30  2:32  Drone x2  
  32  2:43  Hatchery  
  31  2:48  Pneumatized Carapace  
  31  2:52  Drone  
  31  2:56  Overlord  
  32  3:00  Drone  
  32  3:01  Drone  
  32  3:04  Drone  
  35  3:06  Drone  
  36  3:17  Drone x5  
  41  3:22  Overlord  
  41  3:25  Drone x2  
  43  3:32  Drone  
  44  3:45  Queen  
  44  3:47  Overlord  
  46  3:49  Zergling x4  
  46  3:50  Zergling x4  
  50  3:56  Drone x2  
  50  3:59  Drone  
  50  4:01  Evolution Chamber  
  52  4:06  Overlord  
  52  4:07  Drone x2  
  54  4:18  Hatchery  
  54  4:19  Zergling x6  
  54  4:20  Zergling x4  
  54  4:24  Queen  
  58  4:26  Overlord  
  58  4:28  Drone  
  58  4:29  Drone x3  
  64  4:32  Queen  
  64  4:35  Drone  
  67  4:40  Drone x2  
  67  4:43  Drone x2  
  71  4:48  Queen  
  71  4:49  Zerg Melee Weapons Level 1  
  71  4:50  Overlord  
  73  4:57  Drone  
  73  4:58  Overlord  
  74  5:02  Overlord  
  74  5:04  Spore Crawler  
  73  5:09  Queen  
  73  5:11  Queen  
  77  5:14  Spore Crawler  
  77  5:15  Spore Crawler  
  77  5:16  Extractor  
  77  5:18  Baneling Nest  
  77  5:19  Drone x5  
  77  5:20  Drone  
  79  5:22  Drone x2  
  79  5:26  Drone x4  
  85  5:31  Queen  
  86  5:37  Drone  
  86  5:39  Drone x4  
  86  5:41  Drone x3  
  92  5:50  Overlord, Extractor x2  
  92  5:53  Zergling x6  
  92  5:54  Zergling x6  
  96  5:57  Spore Crawler  
  96  5:59  Overlord  
  96  6:02  Zergling x2  
  96  6:07  Lair  
  96  6:10  Zergling x2  
  96  6:11  Zergling x14  
  104  6:14  Overlord  
  104  6:15  Baneling  
  104  6:16  Baneling x12  
  104  6:21  Baneling x2  
  103  6:27  Zergling x6  
  104  6:33  Overlord x2, Zergling x8  
  104  6:34  Zergling x6  
  104  6:39  Zergling x2  
  112  6:40  Overlord  
  110  6:53  Drone  
  110  6:54  Drone x11  
  109  6:59  Drone x2  
  110  7:02  Drone x2  
  110  7:03  Drone x2  
  110  7:05  Drone  
  110  7:06  Centrifical Hooks  
  110  7:07  Zerg Melee Weapons Level 2, Hydralisk Den  
  114  7:10  Extractor  
  114  7:12  Drone x2  
  116  7:15  Drone x2  
  116  7:18  Spore Crawler  
  116  7:20  Overlord  
  116  7:24  Drone x3  
  116  7:29  Drone x2  
  122  7:30  Drone, Overseer  
  122  7:33  Extractor  
  121  7:37  Grooved Spines  
  121  7:41  Overseer, Overlord x2, Hatchery  
  120  7:48  Hydralisk x3  
  120  7:49  Hydralisk x2  
  131  7:52  Zergling x10  
  131  7:56  Overlord  
  136  7:59  Baneling x4  
  136  8:03  Baneling  
  136  8:04  Baneling x2, Zergling x16  
  136  8:05  Zergling x2  
  145  8:08  Overlord  
  145  8:09  Baneling x2  
  145  8:13  Queen x3, Overlord  
  145  8:15  Baneling x4  
  147  8:27  Overlord  
  147  8:28  Hydralisk x4  
  147  8:30  Zergling x2  
  147  8:31  Extractor, Zergling x12  
  146  8:35  Hydralisk x2  
  146  8:37  Zergling x2  
  146  8:41  Hydralisk x2  
  147  8:44  Zergling x2  
  147  8:48  Zergling x14  
  137  8:50  Hydralisk x2  
  142  8:56  Hydralisk x2  
  138  9:03  Drone x2  
  138  9:09  Hydralisk x2  
  138  9:10  Hatchery  
  138  9:11  Hydralisk x2  
  135  9:17  Zergling x4  
  135  9:20  Hydralisk  
  135  9:22  Hydralisk  
  130  9:24  Extractor  
  130  9:25  Extractor  
  130  9:30  Zergling x4  
  130  9:38  Baneling x4  
  130  9:39  Zergling x18  
  130  9:41  Zerg Missile Weapons Level 1  
  130  9:44  Drone x2  
  141  9:47  Queen  
  141  9:50  Overlord  
  143  9:53  Spore Crawler  
  143  9:55  Hatchery  
  143  9:58  Zergling x8  
  143  9:59  Zergling x2  
  146  10:00  Overlord x2  
  146  10:12  Drone x2  
  144  10:18  Zergling x4  
  144  10:19  Zergling x12  
  150  10:28  Drone x6  
  154  10:31  Zergling x8  
  154  10:32  Infestation Pit, Zergling x2  
  154  10:35  Baneling x7  
  160  10:36  Baneling x18  
  160  10:44  Zergling x2  
  160  10:45  Zergling x12  
  167  10:52  Zergling x12  
  167  10:54  Overlord  
  167  10:56  Drone  
  174  11:00  Baneling x17  
  174  11:01  Baneling x4  
  174  11:05  Zergling x14  
  174  11:06  Overseer x2  
  174  11:07  Overlord x2  
  181  11:11  Muscular Augments  
  180  11:21  Zergling x8  
  180  11:23  Zergling x2  
  171  11:28  Zergling x10  
  171  11:29  Zergling x14  
  171  11:31  Baneling x10  
  171  11:32  Baneling x2  
  183  11:34  Hive  
  183  11:35  Drone x2  
  183  11:36  Spire  
  184  11:41  Baneling x14  
  184  11:43  Zergling x2  
  184  11:44  Zergling x4  
  186  11:51  Zergling x16  
  170  11:55  Zergling x4  
  170  11:56  Zergling x2  
  170  11:57  Zergling x8  
  170  12:01  Hydralisk x2  
  163  12:02  Zergling x2  
  163  12:07  Zergling x2  
  163  12:08  Zergling x6  
  165  12:10  Zergling x2  
  165  12:11  Zergling x2  
  165  12:13  Zergling x2  
  165  12:14  Zergling x14  
  165  12:15  Zergling x4  
  161  12:16  Zergling x2  
  161  12:18  Zergling x2  
  161  12:19  Zergling x4  
  157  12:25  Zergling x10  
  157  12:26  Zergling x6  
  157  12:28  Hydralisk  
  162  12:33  Hydralisk x3  
  162  12:36  Zergling x6  
  162  12:37  Zergling x4  
  158  12:39  Zergling x2  
  158  12:42  Zergling x8  
  156  12:44  Zergling x4  
  156  12:48  Zergling x2  
  158  12:53  Zergling x4  
  158  12:54  Zergling x16  
  158  12:56  Zergling x2  
  154  13:10  Hatchery  

Tags
 
Add a new tag
Caveats
  • Supply blocks, unpowered buildings, or Contaminate may cause inaccurate times.
  • Supply counts are checked every 10 seconds.